 Dungeon Crawl Stone Soup version 0.17.0-28-g6e173f8 (webtiles) character file.

35 coffecat the Firebug (level 3, -1/27 HPs)
             Began as a Draconian Fire Elementalist on Nov 26, 2015.
             Killed from afar by a kobold (27 damage)
             ... with an exploding inner flame
             ... hexed by the player character
             ... on level 3 of the Dungeon.
             The game lasted 00:09:03 (1638 turns).

coffecat the Firebug (Draconian Fire Elementalist)  Turns: 1638, Time: 00:09:03

Health: -1/27      AC:  6    Str: 10    XL:     3   Next: 16%
Magic:  1/6        EV: 12    Int: 15    God:
Gold:   73         SH:  0    Dex: 12    Spells: 2 memorised, 2 levels left

rFire  . . .     SeeInvis .     g - +0 spear
rCold  . . .     Clarity  .     (armour unavailable)
rNeg   . . .     SustAt   .     (no shield)
rPois  .         Gourm    .     (helmet restricted)
rElec  .         Spirit   .     (no cloak)
rCorr  .         Warding  .     j - +0 pair of gloves
rMut   .         Stasis   .     (no boots)
MR     .....                    (no amulet)
Stlth  ++........               (no ring)
                                (no ring)

@: very slightly contaminated, not resistant to hostile enchantments, unstealthy
A: unfitting armour, cold-blooded, AC +5
a: no special abilities


You were on level 3 of the Dungeon.
You were not hungry.

You visited 1 branch of the dungeon, and saw 3 of its levels.

You collected 73 gold pieces.

Inventory:

Hand Weapons
 g - a +0 spear (weapon)
Armour
 j - a +0 pair of gloves (worn)
Scrolls
 e - 2 scrolls of identify {unknown}
 f - 2 scrolls of magic mapping {unknown}
 h - a scroll of amnesia {unknown}
 i - a scroll of teleportation {unknown}
 k - a scroll of recharging {unknown}
Potions
 d - a potion of lignification {unknown}
 l - a potion of might {unknown}
 m - a potion of curing {unknown}
Books
 a - a book of Flames

   Spells                             Type                      Level
   a - Flame Tongue                   Conjuration/Fire             1
   b - Throw Flame                    Conjuration/Fire             2
   c - Conjure Flame                  Conjuration/Fire             3
   d - Inner Flame                    Hexes/Fire                   3
   e - Sticky Flame                   Conjuration/Fire             4
   f - Fireball                       Conjuration/Fire             5
Comestibles
 b - 3 bread rations
 c - a meat ration


   Skills:
 + Level 0.7 Fighting
 + Level 2.1 Dodging
 + Level 1.8 Stealth
 + Level 2.3 Spellcasting
 + Level 1.2 Conjurations
 + Level 3.5 Fire Magic


You had 2 spell levels left.
You knew the following spells:

 Your Spells              Type           Power        Failure   Level  Hunger
a - Flame Tongue          Conj/Fire      #....        12%         1    #......
b - Inner Flame           Hex/Fire       #.......     34%         3    ###....


Dungeon Overview and Level Annotations

Branches:
Dungeon (3/15)

Altars:


Innate Abilities, Weirdness & Mutations

Your plain brown scales are hard (AC +5).
Your body does not fit into most forms of armour.
You are cold-blooded and may be slowed by cold attacks.


Message History

The giant cockroach bites you but does no damage.
The giant cockroach closely misses you.
You closely miss the giant cockroach.
You tail-slap the giant cockroach, but do no damage.
The giant cockroach misses you.
You hit the giant cockroach.
The giant cockroach is moderately wounded.
The giant cockroach barely misses you.
The giant cockroach completely misses you.
You barely miss the kobold. The giant cockroach bites you.
The kobold closely misses you. The giant cockroach misses you.
You hit the kobold.
The kobold explodes!
The fiery explosion engulfs the hobgoblin.
You kill the hobgoblin!
The fiery explosion engulfs the giant cockroach.
You kill the giant cockroach!
The fiery explosion engulfs you!
Ouch! That really hurt!
You die...

####
####.....
#.S......
#######@##.#
#......§†..#
#.#####§####
#.# #.#
#.####.#..
#<..K..g..
######.#..


You could see an adder.

Vanquished Creatures
  An adder (D:2)
  A ball python (D:1)
  2 goblins
  5 hobgoblins
  4 bats
  2 giant cockroaches
  4 giant newts
  4 kobolds (D:1)
  5 rats
28 creatures vanquished.

Notes
Turn   | Place    | Note
--------------------------------------------------------------
     0 | D:1      | coffecat the Draconian Fire Elementalist began the quest for the Orb.
     0 | D:1      | Reached XP level 1. HP: 14/14 MP: 3/3
   325 | D:1      | Reached XP level 2. HP: 8/20 MP: 0/5
  1173 | D:2      | Found a faded altar to an unknown god.
  1358 | D:2      | Reached XP level 3. HP: 14/27 MP: 1/6
  1594 | D:2      | Learned a level 3 spell: Inner Flame
  1638 | D:3      | Killed from afar by a kobold

Action                   || total
-------------------------++-------
Melee: Unarmed           ||    19
       Spear             ||    26
 Cast: Flame Tongue      ||    29
       Inner Flame       ||     1
 Stab: Sleeping          ||     2
  Eat: Chunk             ||     3
